 Dungeon Crawl Stone Soup version 0.31-a0-940-gdaa99269f9 (webtiles) character file.

Game seed: 8254358288314396513

107 gelatine the Ruffian (level 4, -1/33 HPs)
             Began as a Demonspawn Shapeshifter on Oct 20, 2023.
             Slain by a river rat (7 damage)
             ... on level 3 of the Dungeon.
             The game lasted 00:04:49 (1778 turns).

gelatine the Ruffian (Demonspawn Shapeshifter)      Turns: 1778, Time: 00:04:50

Health: -1/33      AC:  3    Str: 17    XL:     4   Next: 56%
Magic:  4/4        EV: 12    Int: 11    God:
Gold:   109        SH:  0    Dex: 14    Spells: 3/3 levels left

rFire   . .          .
                       - Unarmed
rCold   . . .        (no shield)
rNeg    . . .        n - +0 leather armour
rPois   .            (helmet currently unavailable)
rElec   .            (cloak currently unavailable)
rCorr   .            (gloves currently unavailable)
SInv    .            (boots currently unavailable)
Will    .....        (no amulet)
Stlth   +            (no ring)
HPRegen 0.25/turn    (no ring)
MPRegen 0.09/turn

%: no passive effects
@: beast-form, very slow
A: beast (slay +1), thin skeletal structure 1, demonic guardian 1, demonic magic
1
a: Begin Untransformation


You were on level 3 of the Dungeon.
You were a hulking beast.
You visited 1 branch of the dungeon, and saw 3 of its levels.

You collected 109 gold pieces.

Inventory:

Missiles
 f - 25 stones (quivered)
 o - 5 boomerangs
 q - 2 curare-tipped darts
Armour
 a - a +0 animal skin
 j - a +0 helmet
 n - a +0 leather armour (worn)
Magical Staves
 s - a staff of air
Jewellery
 r - a ring of magical power
Talismans
 c - a beast talisman (active)
 d - a flux talisman
Scrolls
 g - 2 scrolls of identify {unknown}
 i - a scroll of fog {unknown}
 k - a scroll of blinking {unknown}
 l - 2 scrolls of immolation {unknown}
 m - 2 scrolls of noise {unknown}
Potions
 b - 2 potions of lignification
 e - 2 potions of degeneration {unknown}
 h - 3 potions of curing {unknown}
 p - 2 potions of brilliance {unknown}


   Skills:
 * Level 1.6 Fighting
 + Level 1.1 Armour
 + Level 2.3 Dodging
 + Level 0.2 Stealth
 * Level 3.7 Unarmed Combat
 * Level 3.1 Shapeshifting


You had 3 spell levels left.
You didn't know any spells.
Your spell library contained the following spells:

 Spells                   Type           Power      Damage    Failure   Level
 Shock                    Conj/Air       0%         1d3       38%         1
 Ozocubu's Armour         Ice            0%         N/A       77%         3
 Swiftness                Air            0%         N/A       77%         3
 Airstrike                Air            0%         2d(0-16)  99%         4
 Ozocubu's Refrigeration  Ice            0%         4d7       100%        7


Dungeon Overview and Level Annotations

Branches:
Dungeon (3/15)

Altars:

Shops:
D:2 [


Innate Abilities, Weirdness & Mutations

You are a hulking beast.
Your limbs bulge with bestial killing power. (Slay +1)
You have a somewhat thin skeletal structure. (Dex +2, Stealth+)
A weak demonic guardian rushes to your aid.
Spells you cast may paralyse adjacent enemies.


Message History

You hit the river rat.
The river rat is severely wounded.
The river rat bites you.
Your unstable footing causes you to fumble your attack.
The river rat bites you.
Your unstable footing causes you to fumble your attack.
The river rat twitches its whiskers.
The river rat barely misses you.
Your unstable footing causes you to fumble your attack.
The river rat misses you.
Your unstable footing causes you to fumble your attack.
The river rat bites you.
You barely miss the river rat.
The river rat is severely wounded.
The river rat bites you.
You hit the river rat.
You kill the river rat!
You hit the river rat.
The river rat is lightly wounded.
The river rat bites you.
* * * LOW HITPOINT WARNING * * *
Your unstable footing causes you to fumble your attack.
The river rat barely misses you.
You barely miss the river rat.
The river rat is lightly wounded.
The river rat bites you.
* * * LOW HITPOINT WARNING * * *
You closely miss the river rat.
The river rat is lightly wounded.
The river rat bites you.
* * * LOW HITPOINT WARNING * * *
A demonic guardian appears!
You hit the river rat.
The river rat is heavily wounded.
The river rat closely misses you.
You closely miss the river rat.
The river rat is heavily wounded.
The river rat twitches its whiskers.
The river rat bites you!
You die...

###### ...... ##### #
#...##### ## ##...#†~~#
#####. #...~#~# #....#
#...~#r# ##.###.
#..~~~h# #...###
#...~#5# #...# #
#...~~~# #...###
#....#~# #......
#..†~~~# ##.####
#.††.~~##########......
#..#####...........####
##.........##.....## #
########.###.#.....#


You could see a river rat (ally target) and a friendly iron imp (summoned).

Vanquished Creatures
  3 adders (D:2)
  A river rat (D:3)
  5 worms
  4 ball pythons
  5 bats
  7 endoplasms
  3 giant cockroaches
  5 hobgoblins (D:1)
  2 jackals (D:1)
  4 kobolds (D:1)
  2 quokkas
  A frilled lizard (D:1)
  3 rats
45 creatures vanquished.

Vanquished Creatures (collateral kills)
  An adder (D:2)
  A kobold (D:2)
2 creatures vanquished.

Grand Total: 47 creatures vanquished

Notes
Turn   | Place    | Note
-------+----------+-------------------------------------------
     0 | D:1      | gelatine the Demonspawn Shapeshifter began the quest for
                  | the Orb.
     0 | D:1      | Reached XP level 1. HP: 15/15 MP: 1/1
   132 | D:1      | Gained mutation: Spells you cast may paralyse adjacent
                  | enemies. [demonic ancestry]
   132 | D:1      | Reached XP level 2. HP: 17/21 MP: 2/2
  1030 | D:2      | Gained mutation: A weak demonic guardian rushes to your
                  | aid. [demonic ancestry]
  1030 | D:2      | Reached XP level 3. HP: 26/26 MP: 3/3
  1046 | D:2      | Found Qadowyph's Armour Emporium.
  1378 | D:2      | Gained mutation: You have a somewhat thin skeletal
                  | structure. (Dex +2, Stealth+) [demonic ancestry]
  1378 | D:2      | Reached XP level 4. HP: 29/33 MP: 4/4
  1521 | D:2      | Reached skill level 1 in Armour
  1778 | D:3      | Slain by a river rat

Illustrated notes

Levels and vault maps discovered:
D:1:      tarquinn_simple_flora_water_f, layout_basic,
          minmay_misc_feat_secret_circle
D:2:      layout_basic, serial_shops, nicolae_diamond_shop
D:3:      layout_loops_ring, elyvilon_altar_3, grunt_temple_overflow_open,
          ebering_ecumenical_altar_abandoned, lightli_sewer_entry_pipes,
          kennysheep_another_room

Skill      XL: |  1  2  3  4 |
---------------+-------------+-----
Unarmed Combat | 3 |  3.7
Shapeshifting  | 3 |  3.1
Dodging        | 2 |  2.3
Armour         | 1 |  1.1
Fighting       | |  1.6
Stealth        | |  0.2

Action                     |  1- 3 |  4- 6 || total
---------------------------+-------+-------++-------
  Melee: Unarmed           |   135 |    52 ||   187
         Punch             |     3 |       ||     3
  Throw: Stone             |     8 |     7 ||    15
   Stab: Sleeping          |       |     2 ||     2
 Armour: Animal skin       |    30 |       ||    30
         Leather armour    |    45 |    19 ||    64
  Dodge: Dodged            |    95 |    24 ||   119

Table legend: (Time is in decaauts)
 A = Elapsed time spent in this place.
 B = Non-inter-level travel time spent in this place.
 C = Inter-level travel time spent in this place.
 D = Time resting spent in this place.
 E = Time spent auto-exploring this place.
 F = Levels seen in this place.
 G = Mean time per level.
                   A        B        C        D        E       F      G
               +--------+--------+--------+--------+--------+-----+--------+
         Total |   1771 |   1725 |     46 |      0 |   1254 |   3 |  590.3 |
       Dungeon |   1771 |   1725 |     46 |      0 |   1254 |   3 |  590.3 |
               +--------+--------+--------+--------+--------+-----+--------+

Top non-repeatable levels by time:
     D:1: 1012 daAuts
     D:2: 638 daAuts
     D:3: 121 daAuts
